 Dungeon Crawl Stone Soup version 0.28-a0-687-gb91baff9cc (webtiles) character file.

Game seed: 8726762888561861363

627 lunkers the Magician (level 7, -4/54 HPs)
             Began as a Djinni Cinder Acolyte on Oct 20, 2021.
             Was a High Priest of Ignis.
             Slain by a black bear (5 damage)
             ... on level 4 of the Dungeon.
             The game lasted 00:07:11 (5244 turns).

lunkers the Magician (Djinni Cinder Acolyte)        Turns: 5244, Time: 00:07:11

Health: -4/54      AC:  3    Str: 13    XL:     7   Next: 76%
Gold:   225        EV: 11    Int: 18    God:    Ignis [*****.] SH:  0 Dex:  8

rFire   + + +      SeeInvis .   r - +0 short sword (drain)
rCold   x . .      Faith    .   (no shield)
rNeg    . . .      Spirit   .   b - +0 robe
rPois   ∞          Reflect  .   n - +1 hat
rElec   .          Harm     .   (no cloak)
rCorr   .          Rampage  .   (no gloves)
Will    .....                   (boots unavailable)
Stlth   +.........              (no amulet)
HPRegen 0.18/turn               (no ring)
MPRegen 0.00/turn               (no ring)

@: flying
A: sickness immunity, fire resistance 2, cold vulnerability 1, float, innate
caster, hp casting, extra vitality 1
a: Renounce Religion, Sea of Fire, Foxfire Swarm, Rising Flame


You were on level 4 of the Dungeon.
You worshipped Ignis.
Ignis was extremely pleased with you.
You visited 1 branch of the dungeon, and saw 4 of its levels.

You collected 225 gold pieces.

Inventory:

Hand Weapons
 a - a -1 short sword of flaming
 r - a +0 short sword of draining (weapon)
Armour
 b - a +0 robe (worn)
 k - a scarf of harm
 n - a +1 hat (worn)
Magical Staves
 j - a staff of death
Scrolls
 c - 2 scrolls of fog {unknown}
 d - a scroll of silence {unknown}
 e - 6 scrolls of identify {unknown}
 g - 2 scrolls of immolation {unknown}
 h - a scroll of holy word {unknown}
 i - 3 scrolls of teleportation {unknown}
 m - a scroll of torment {unknown}
 o - 2 scrolls of noise {unknown}
 q - a scroll of magic mapping {unknown}
Potions
 f - 2 potions of brilliance {unknown}
 l - a potion of degeneration {unknown}
 p - a potion of might {unknown}


   Skills:
 + Level 5.4 Fighting
 - Level 2.6 Short Blades
 * Level 5.5 Spellcasting


You had 9 spell levels left.
You knew the following spells:

 Your Spells              Type           Power      Damage    Failure   Level
a - Magic Dart            Conj           96%        1d7       1%          1
b - Call Imp              Summ           24%        N/A       1%          2
c - Confusing Touch       Hex            24%        N/A       4%          3
p - Scorch                Fire           48%        2d7       1%          2
Your spell library was empty.

Dungeon Overview and Level Annotations

Branches:
Dungeon (4/15)
 Temple: D:4-7

Altars:

Annotations:
D:4 4 runed translucent doors


Innate Abilities, Weirdness & Mutations

You are immune to sickness and miasma.
You are immune to poison.
Your flesh is very heat resistant. (rF++)
You are vulnerable to cold. (rC-)
You float through the air rather than walking.
You learn spells naturally, not from books.
Your magical power is your life essence.
You have superior vitality. (+4 HP)


Message History

Flames lash the black bear.
The black bear is almost dead.
The black bear misses you. The black bear claws you.
* * * LOW HITPOINT WARNING * * *
The black bear closely misses you.
Casting: Scorch (safe; 1% risk of failure)
Press: ? - help, Q - select action, (/) - cycle Dir - look around, f - activate Flames lash the adder.
The adder is severely wounded.
The adder's fire resistance burns away.
* * * LOW HITPOINT WARNING * * *
You hear a bark!
The black bear barely misses you. x3; The black bear bites you.
* * * LOW HITPOINT WARNING * * *
The black bear closely misses you. The black bear claws you.
* * * LOW HITPOINT WARNING * * *
Unknown command.
Casting: Scorch (safe; 1% risk of failure)
Press: ? - help, Q - select action, (/) - cycle Dir - look around, f - activate Flames lash the adder.
The adder is burned terribly!
You kill the adder!
* * * LOW HITPOINT WARNING * * *
The black bear is no longer more vulnerable to fire.
The black bear bites you.
* * * LOW HITPOINT WARNING * * *
The black bear claws you.
* * * LOW HITPOINT WARNING * * *
The black bear claws you.
* * * LOW HITPOINT WARNING * * *
Casting: Scorch (safe; 1% risk of failure)
Press: ? - help, Q - select action, (/) - cycle Dir - look around, f - activate Flames lash the black bear.
The black bear is almost dead.
The black bear's fire resistance burns away.
* * * LOW HITPOINT WARNING * * *
You hear a shout!
The black bear bites you!
* * * LOW HITPOINT WARNING * * *
The black bear claws you.
You die...

.#....######..######...##.......#
###..## #### ##..#.......## #..#
#........### #..# #........#
##..# # #........## ##...# ##.
#.##.(....# )....# #.#
##.)....#.## ......#
#h###.)##.#.### ..........
#@....####### .........# ##...##
.........# #....# .........+.
..h+.#..# .......#.+. ...S+...##
.........# ...8#..## )|8##..# ###
..## .. o.#


You could see a black bear (berserk, combustible).

Vanquished Creatures
  Grinder (D:3)
  A phantom (D:4)
  2 hounds (D:4)
  A jelly (D:4)
  3 orc wizards (D:4)
  3 gnolls (D:3)
  10 adders
  An adder skeleton (D:4)
  2 dart slugs (D:2)
  8 orcs
  3 bats
  4 endoplasms
  3 giant cockroaches (D:1)
  6 goblins
  9 hobgoblins
  8 jackals
  6 kobolds
  2 quokkas
  8 ball pythons
  A frilled lizard (D:1)
  8 rats
90 creatures vanquished.

Notes
Turn   | Place    | Note
-------+----------+-------------------------------------------
     0 | D:1      | lunkers the Djinni Cinder Acolyte began the quest for the
                  | Orb.
     0 | D:1      | Reached XP level 1. HP: 20/20 MP: 0/0
   279 | D:1      | Reached XP level 2. HP: 19/25 MP: 0/0
  1351 | D:1      | Reached XP level 3. HP: 27/30 MP: 0/0
  1351 | D:1      | Learned a level 1 spell: Magic Dart
  1554 | D:1      | Found a faded altar of an unknown god.
  1845 | D:2      | Reached XP level 4. HP: 17/35 MP: 0/0
  2945 | D:3      | Reached XP level 5. HP: 19/41 MP: 0/0
  2945 | D:3      | Learned a level 2 spell: Call Imp
  3642 | D:3      | Noticed Grinder
  3646 | D:3      | Paralysed by Grinder for 2 turns
  3648 | D:3      | Killed Grinder
  3649 | D:3      | Reached XP level 6. HP: 21/48 MP: 0/0
  4317 | D:4      | Reached XP level 7. HP: 40/53 MP: 0/0
  4317 | D:4      | Learned a level 3 spell: Confusing Touch
  4411 | D:4      | Reached skill level 5 in Fighting
  4411 | D:4      | Reached skill level 5 in Spellcasting
  4981 | D:4      | Found a large runed translucent door.
  4981 | D:4      | Found a large runed translucent door.
  5046 | D:4      | Found a large runed translucent door.
  5046 | D:4      | Found a large runed translucent door.
  5053 | D:4      | Noticed a water moccasin
  5244 | D:4      | HP: 1/54 [black bear (12)]
  5244 | D:4      | Slain by a black bear

Illustrated notes

Levels and vault maps discovered:
D:1:      dpeg_arrival_pond, layout_basic, shapermc_ecumenical_altar_acropolis,
          serial_co_window_serial, co_window_paths_b, co_window_cross_1,
          co_window_paths_a, co_window_corner_a, co_window_paths_b,
          co_window_corner_b, co_window_of_opportunity_b, co_window_broadway_a,
          co_window_cross_3, co_window_cross_2, glass_columns_a,
          glass_columns_a, glass_columns_a, roderic_malta_cross, minmay_tripent
D:2:      layout_loops_ring
D:3:      layout_basic, minmay_circle_x, uniq_grinder
D:4:      layout_cave_pools, minmay_hollow_rounded_squares

Skill      XL: |  1  2  3  4  5  6  7 |
---------------+----------------------+-----
Spellcasting   | 3 4 5 |  5.5
Fighting       | 4 5 |  5.4
Short Blades   | |  2.6

Action                   |  1- 3 |  4- 6 |  7- 9 || total
-------------------------+-------+-------+-------++-------
Melee: Short sword       |    55 |     1 |     2 ||    58
 Cast: Scorch            |    11 |    57 |    49 ||   117
       Magic Dart        |    12 |    11 |       ||    23
Armor: Robe              |     9 |     3 |     3 ||    15
Dodge: Dodged            |    31 |    14 |    17 ||    62

Table legend: (Time is in decaauts)
 A = Elapsed time spent in this place.
 B = Non-inter-level travel time spent in this place.
 C = Inter-level travel time spent in this place.
 D = Time resting spent in this place.
 E = Time spent auto-exploring this place.
 F = Levels seen in this place.
 G = Mean time per level.
                   A        B        C        D        E       F      G
               +--------+--------+--------+--------+--------+-----+--------+
         Total |   5241 |   5142 |     99 |    152 |   4525 |   4 | 1310.2 |
       Dungeon |   5241 |   5142 |     99 |    152 |   4525 |   4 | 1310.2 |
               +--------+--------+--------+--------+--------+-----+--------+

Top non-repeatable levels by time:
     D:1: 1700 daAuts
     D:3: 1450 daAuts
     D:2: 1144 daAuts
     D:4: 945 daAuts
